 Dungeon Crawl Stone Soup version 0.31-a0-851-g7ff8af7976 (webtiles) character file.

Game seed: 16178824345999946289

3010 kae the Severer (level 9, -23/71 HPs)
             Began as a Hill Orc Fighter on Oct 5, 2023.
             Was a Follower of Qazlal.
             Annihilated by an orc warlord
             ... wielding a +5 executioner's axe
              (35 damage)
             ... in a bailey on Oct 6, 2023.
             The game lasted 00:11:51 (6341 turns).

kae the Severer (Hill Orc Fighter)                  Turns: 6341, Time: 00:11:52

Health: -23/71     AC: 12    Str: 23    XL:     9   Next: 84%
Magic:  8/13       EV:  9    Int:  8    God:    Qazlal [*.....]
Gold:   347        SH:  6    Dex: 10    Spells: 8/8 levels left

rFire   . . .        a - +2 war axe (flame)
rCold   . . .        c - +0 buckler
rNeg    . . .        b - +0 scale mail
rPois   .            e - +0 helmet
rElec   .            h - +0 cloak
rCorr   .            (no gloves)
SInv    +            k - +2 pair of boots
Will    .....        (no amulet) Stlth
                     v - ring of see invisible
HPRegen 0.31/turn    (no ring)
MPRegen 0.13/turn

%: no passive effects
@: mighty, attractive, invisible
A: no striking features
a: Renounce Religion


You were in a bailey.
You worshipped Qazlal.
Qazlal was aware of your devotion.
You visited 2 branches of the dungeon, and saw 9 of its levels.
You also visited: Bailey.

You collected 347 gold pieces.


   Skills:
 + Level 3.9 Fighting
 - Level 16.0 Axes
 - Level 3.2 Armour
 - Level 3.2 Shields
 - Level 6.0 Invocations


You had 8 spell levels left.
You didn't know any spells.
Your spell library contained the following spells:

 Spells                   Type           Power      Damage    Failure   Level
 Magic Dart               Conj           0%         1d3       78%         1
 Call Imp                 Summ           0%         N/A       89%         2
 Mephitic Cloud           Conj/Pois/Air  0%         N/A       98%         3
 Animate Dead             Necr           0%         N/A       100%        4
 Borgnjor's Vile Clutch   Necr/Erth      0%         N/A       100%        5
 Death Channel            Necr           0%         N/A       100%        6

Inventory:

Hand Weapons
 a - a +2 war axe of flaming (weapon)
Missiles
 f - 43 stones
 i - a throwing net {=f!f}
 t - 3 datura-tipped darts
 y - 2 poisoned darts
 D - 2 curare-tipped darts {=f}
Armour
 b - a +0 scale mail (worn)
 c - a +0 buckler (worn)
 e - a +0 helmet (worn)
   (You found it on level 1 of the Dungeon)
 h - a +0 cloak (worn)
   (You found it on level 5 of the Dungeon)
 k - a +2 pair of boots (worn)
   (You found it on level 1 of the Dungeon)
Magical Staves
 E - a staff of conjuration {!a}
   (You took it off an orc on level 7 of the Dungeon)
Jewellery
 v - a ring of see invisible (left hand)
   (You found it on level 1 of the Dungeon)
 C - a ring of ice
   (You found it on level 3 of the Dungeon)
Wands
 w - a wand of paralysis (10)
   (You found it on level 4 of the Dungeon)
Scrolls
 o - a scroll of blinking {!r}
 r - 4 scrolls of teleportation {@r4}
 u - 4 scrolls of poison {!r}
 A - a scroll of silence {!r}
 B - a scroll of vulnerability {!r!r}
 G - a scroll of brand weapon
 H - a scroll of revelation
Potions
 g - 5 potions of curing {@q1}
 l - 2 potions of degeneration {!q}
 m - 3 potions of lignification {!q}
 n - a potion of heal wounds {@q2}
 p - 4 potions of brilliance
 q - 4 potions of haste {@q3}
 s - 2 potions of enlightenment
 x - 4 potions of cancellation

Dungeon Overview and Level Annotations

Branches:
Dungeon (8/15) Zot: 26923  Temple (1/1) D:6 Zot: 5969  Bailey (1/1) Zot: 5533
   Lair: D:8-11

Altars:
Ashenzari
Dithmenos
Elyvilon
Fedhas
Gozag
Hepliaklqana
Kikubaaqudgha
Makhleb
Nemelex Xobeh
Okawaru
Qazlal
Ru
Trog
Uskayaw
Vehumet
Wu Jian
Xom
Yredelemnul
Zin

Shops:
D:5

([ ##.......## #.........#
##.........##
#######.....⌠.....#######
##.....##.........##.....##
#.......'.........'.......#
##.......##.......##.......##
#.........#..°....#...))....#
##.........##88@88##...).....##
#.....⌠.....###o###....)⌠.....#
##.........##


goo ##.........## #.........# ..oo. #.........# ##.......##.......##.......##
#.)))...#.........#....)..# ##.....##.........##...))##
##'####...........####)## ##.....## ##..)..## You could see an orc warlord
(unable to see you), 4 orc warriors and a goblin (unable to see you).


Message History

You kill the goblin!
Qazlal accepts your kill.
No target in view!
No target in view!
Items here: )))) [[[[ ††.
You start waiting.
Done waiting.
Found six items.
Found a gate leading back out of this place.
There is an open door here.
x - 4 potions of cancellation (gained 1)
q - 2 potions of haste {@q3} (gained 1)
p - 4 potions of brilliance (gained 1)
r - 4 scrolls of teleportation {@r4} (gained 1)
There is a gate leading back out of this place here.
F - a fuming inky potion
G - a scroll of brand weapon
q - 4 potions of haste {@q3} (gained 2)
H - a scroll of revelation
Okay, then.
Okay, then.
Unknown command.
Okay, then.
Okay, then.
Okay, then.
Okay, then.
Okay, then.
You open the door.
A goblin, 3 orc warriors and an orc warlord come into view.
The orc warrior shouts! x3; The orc warlord shouts!
You hear a shout! x2
An orc comes into view. It is wielding a +0 hand axe.
The orc warlord roars a battlecry!
The orcs go into a battle-frenzy!
An orc warrior comes into view. It is wielding a +0 hand axe.
There are monsters nearby!
There are monsters nearby!
It was a potion of magic.
Magic courses through your body.
It was a potion of attraction.
You feel attractive to monsters.
The orc warlord is attracted toward you.
The orc warrior is attracted toward you.
Aiming: Upheaval
Press: ? - help, Dir - move target, f - orc warlord
Aim: an orc warlord, wielding a +5 executioner's axe and wearing a +0 plate armour A storm cloud blasts the area with cutting wind!
The cutting wind hits the orc warrior!
The cutting wind hits the orc warlord!!
The orc warrior hits you with a +0 war axe.
The orc warlord is engulfed in a thunderstorm. 😕 HP[-5] MP[-3]
You take 5 damage, and now have 66/71 hp.
You lost 3 mp, and now have 10/13 mp.
Aiming: Upheaval
Press: ? - help, Dir - move target, f/p - orc warlord
Aim: an orc warlord, wielding a +5 executioner's axe and wearing a +0 plate armour (moderately wounded)
A blizzard blasts the area with ice!
The blast of ice hits the orc warrior!!
The orc warrior is flash-frozen.
The blast of ice hits the orc warrior!
The orc warrior is flash-frozen.
The blast of ice hits the orc!!
You kill the orc!
Qazlal accepts your kill.
The blast of ice hits the orc warlord!!
The orc warlord is flash-frozen.
You can no longer call upon nature to destroy your foes.
You block the orc warrior's attack. 😕 HP[+1] MP[-3]
You lost 3 mp, and now have 7/13 mp.
Okay, then.
Unknown command.
Okay, then.
Unknown command.
You fade into invisibility!
The orc warrior hits you with a +0 war axe! 😕 HP[-10]
You take 10 damage, and now have 57/71 hp.
You feel very mighty all of a sudden.
The orc warrior is no longer encased in ice.
The orc warlord is no longer encased in ice.
You closely miss the orc warlord. You slice the orc warlord!!
You burn the orc warlord.
The orc warrior is no longer encased in ice. 😕 HP[+1] Unknown command.
You slash the orc warlord! You burn the orc warlord!
The orc warlord hits you with a +5 executioner's axe!!
* * * LOW HITPOINT WARNING * * *
😨 HP[-23]
You take 23 damage, and now have 35/71 hp.
MASSIVE DAMAGE!! (PAUSE)
You catch the helpless orc warlord completely off-guard!
You hit the orc warlord but do no damage.
The orc warlord hits you with a +5 executioner's axe!!
* * * LOW HITPOINT WARNING * * *
😱 HP[-23]
You take 23 damage, and now have 12/71 hp.
MASSIVE DAMAGE!! (PAUSE)
You hit the orc warlord.
You burn the orc warlord. 😱 MP[+1] Unknown command.
You hit the orc warlord. You burn the orc warlord.
The orc warlord hits you with a +5 executioner's axe!!
You die...

Skill      XL: |  1  2  3  4  5  6  7  8  9 |
---------------+----------------------------+-----
Axes           | 3 4 6 8 9 11 14 16 | 16.0
Invocations    | 6 |  6.0
Fighting       | |  3.9
Armour         | |  3.2
Shields        | |  3.2

Action                     |  1- 3 |  4- 6 |  7- 9 || total
---------------------------+-------+-------+-------++-------
  Melee: War axe           |    89 |   101 |   277 ||   467
 Invoke: Upheaval          |       |       |     2 ||     2
    Use: Scroll            |     5 |    12 |     4 ||    21
         Potion            |       |       |     4 ||     4
   Stab: Invisible         |       |       |     1 ||     1
 Armour: Scale mail        |    61 |    68 |   137 ||   266
  Dodge: Dodged            |    42 |    41 |    89 ||   172
  Block: Buckler           |    23 |    17 |    47 ||    87

Levels and vault maps discovered:
D:1:      sevenhm_arrival_forest_fort_small_3, layout_loops_cross,
          minmay_quantized
D:2:      layout_basic, minivault_24, st_stairs_9
D:3:      layout_rooms, lightli_corner_chamber
D:4:      layout_gridville, nrook_mini_vaults
D:5:      layout_basic, serial_shops, nicolae_shop_scrapyard,
          nicolae_shop_dragon_depot
D:6:      layout_cave_pools, minmay_temple_entry_poolview
D:7:      layout_layer_cave
D:8:      layout_gridville, enter_bailey_2, uniq_maggie
Temple:   hellmonk_temple_of_storms
Bailey:   bailey_axe_minmay_hex_keep, bailey

Notes
Turn   | Place    | Note
-------+----------+-------------------------------------------
     0 | D:1      | kae the Hill Orc Fighter began the quest for the Orb.
     0 | D:1      | Reached XP level 1. HP: 19/19 MP: 1/1
     0 | D:1      | magus.rc [v1.11.3]
    36 | D:1      | Reached skill level 3 in Axes
   145 | D:1      | Reached XP level 2. HP: 26/26 MP: 2/2
   154 | D:1      | Reached skill level 4 in Axes
   517 | D:1      | Reached XP level 3. HP: 31/31 MP: 3/3
   802 | D:2      | Reached skill level 5 in Axes
   965 | D:2      | You pick up a book of Unlife and begin reading...
   965 | D:2      | You add the spells Animate Dead, Borgnjor's Vile Clutch and
                  | Death Channel to your library.
  1520 | D:2      | Reached skill level 6 in Axes
  1520 | D:2      | Reached XP level 4. HP: 26/39 MP: 4/4
  1577 | D:3      | Reached XP level 5. HP: 35/45 MP: 5/5
  1792 | D:3      | Reached skill level 7 in Axes
  2197 | D:4      | Reached skill level 8 in Axes
  2197 | D:4      | Reached XP level 6. HP: 49/51 MP: 6/6
  2451 | D:4      | Reached skill level 9 in Axes
  2922 | D:5      | Entered Level 5 of the Dungeon
  2935 | D:5      | Reached XP level 7. HP: 53/57 MP: 7/7
  2970 | D:5      | Found Numimaid's Weapon Shop.
  3038 | D:5      | Found Rammanu's Dragon-Slaying Spoils.
  3234 | D:5      | Reached skill level 10 in Axes
  3628 | D:6      | Reached skill level 11 in Axes
  3637 | D:6      | Reached XP level 8. HP: 52/64 MP: 8/8
  3713 | D:6      | Reached skill level 12 in Axes
  3872 | D:6      | You pick up a book of Minor Magic and begin reading...
  3872 | D:6      | You add the spells Magic Dart, Call Imp and Mephitic Cloud
                  | to your library.
  4011 | D:6      | Reached skill level 13 in Axes
  4130 | D:6      | magus.rc [v1.11.3]
  4407 | D:6      | Reached skill level 14 in Axes
  4540 | D:6      | Found a staircase to the Ecumenical Temple.
  4549 | Temple   | Entered the Ecumenical Temple
  4564 | Temple   | Became a worshipper of Qazlal Stormbringer
  4740 | D:7      | Reached XP level 9. HP: 61/70 MP: 9/9
  5114 | D:7      | Reached skill level 1 in Invocations
  5119 | D:7      | Reached skill level 2 in Invocations
  5793 | D:8      | Reached skill level 3 in Invocations
  5799 | D:8      | Reached skill level 15 in Axes
  5847 | D:8      | magus.rc [v1.11.3]
  5847 | D:8      | Found a flagged portal.
  5856 | Bailey   | Entered a bailey
  5904 | Bailey   | Reached * piety under Qazlal
  5928 | Bailey   | Reached skill level 4 in Invocations
  6091 | Bailey   | Reached skill level 5 in Invocations
  6175 | Bailey   | Reached skill level 6 in Invocations
  6184 | Bailey   | Reached ** piety under Qazlal
  6188 | Bailey   | Reached skill level 16 in Axes
  6329 | Bailey   | Noticed an orc warlord
  6339 | Bailey   | HP: 12/71 [orc warlord/+5 executioner's axe (23)]
  6341 | Bailey   | Annihilated by an orc warlord

Vanquished Creatures
  A steam dragon (D:7)
  2 water moccasins
  3 sky beasts (D:6)
  8 orc warriors (Bailey)
  An ice beast (D:6)
  2 ogres (D:6)
  2 phantoms
  2 kobold brigands (D:7)
  3 scorpions
  A howler monkey (D:4)
  3 hounds
  3 jellies (D:6)
  3 orc priests
  A gnoll bouda (D:8)
  2 iguanas (D:5)
  5 orc wizards
  10 adders
  13 gnolls
  A shadow imp (D:6)
  3 white imps
  3 ufetubi
  A worm (D:3)
  3 dart slugs (D:1)
  34 orcs
  4 endoplasms
  5 giant cockroaches
  9 hobgoblins
  7 quokkas
  8 ball pythons
  4 bats
  3 frilled lizards
  17 goblins
  9 kobolds
  4 rats
180 creatures vanquished.

Table legend:
 A = Non-vault XP
 B = Vault XP
 C = Vault XP percentage of total XP
 D = Non-vault monster count
 E = Vault monster count
 F = Vault count percentage of total count
                 A         B        C        D         E       F
            +---------+---------+-------+---------+---------+-------
      Total |    3043 |    1257 |  29.2 |     130 |      50 |  27.8
            +---------+---------+-------+---------+---------+-------
        D:1 |      37 |      10 |  21.3 |      14 |       5 |  26.3
        D:2 |      61 |       6 |   9.0 |      11 |       3 |  21.4
        D:3 |     101 |       0 |   0.0 |      15 |       0 |   0.0
        D:4 |     364 |       0 |   0.0 |      22 |       0 |   0.0
        D:5 |     360 |       0 |   0.0 |      20 |       0 |   0.0
        D:6 |    1248 |       0 |   0.0 |      20 |       0 |   0.0
        D:7 |     694 |       0 |   0.0 |      17 |       0 |   0.0
        D:8 |     178 |       0 |   0.0 |      11 |       0 |   0.0
     Bailey |       0 |    1241 | 100.0 |       0 |      42 | 100.0
            +---------+---------+-------+---------+---------+-------

Skill      XL: |  1  2  3  4  5  6  7  8  9 |
---------------+----------------------------+-----
Axes           | 3 4 6 8 9 11 14 16 | 16.0
Invocations    | 6 |  6.0
Fighting       | |  3.9
Armour         | |  3.2
Shields        | |  3.2

Action                     |  1- 3 |  4- 6 |  7- 9 || total
---------------------------+-------+-------+-------++-------
  Melee: War axe           |    89 |   101 |   277 ||   467
 Invoke: Upheaval          |       |       |     2 ||     2
    Use: Scroll            |     5 |    12 |     4 ||    21
         Potion            |       |       |     4 ||     4
   Stab: Invisible         |       |       |     1 ||     1
 Armour: Scale mail        |    61 |    68 |   137 ||   266
  Dodge: Dodged            |    42 |    41 |    89 ||   172
  Block: Buckler           |    23 |    17 |    47 ||    87

Illustrated notes

Table legend:
 A = Kills in this place as a percentage of kills in the entire game.
 B = Kills by you in this place as a percentage of kills by you in the entire game.
 C = Kills by friends in this place as a percentage of kills by friends in the entire game.
 D = Other kills in this place as a percentage of other kills in the entire game.
 E = Experience gained in this place as a percentage of experience gained in the entire game.
 F = Experience gained in this place divided by the number of levels of this place that you have seen.
                   A       B       C       D       E      F
               +-------+-------+-------+-------+-------+----------------------
         Total | 100.0 | 100.0 |   N/A |   N/A | 100.0 | 430.0
       Dungeon |  76.7 |  76.7 |   N/A |   N/A |  71.1 | 382.4
        Bailey |  23.3 |  23.3 |   N/A |   N/A |  28.9 | 1241.0
               +-------+-------+-------+-------+-------+----------------------

Table legend: (Time is in decaauts)
 A = Elapsed time spent in this place.
 B = Non-inter-level travel time spent in this place.
 C = Inter-level travel time spent in this place.
 D = Time resting spent in this place.
 E = Time spent auto-exploring this place.
 F = Levels seen in this place.
 G = Mean time per level.
                   A        B        C        D        E       F      G
               +--------+--------+--------+--------+--------+-----+--------+
         Total |   6348 |   6020 |    328 |    438 |   4523 |  10 |  634.8 |
       Dungeon |   5852 |   5554 |    298 |    305 |   4364 |   8 |  731.5 |
        Temple |     30 |      1 |     29 |      0 |      0 |   1 |   30.0 |
        Bailey |    465 |    465 |      0 |    133 |    159 |   1 |  465.0 |
               +--------+--------+--------+--------+--------+-----+--------+

Top non-repeatable levels by time:
     D:7: 1128 daAuts
     D:6: 1042 daAuts
     D:1: 803 daAuts
     D:4: 791 daAuts
     D:2: 745 daAuts
     D:5: 640 daAuts
     D:3: 624 daAuts
  Bailey: 465 daAuts
     D:8: 76 daAuts
  Temple: 30 daAuts
